 Dungeon Crawl Stone Soup version 0.17.1-3-g152610e (webtiles) character file.

4812 Gargoyl the Covered (level 10, -3/79 HPs)
             Began as a Demonspawn Abyssal Knight on Mar 14, 2016.
             Was an Elder of Lugonu.
             Killed from afar by Erolcha (20 damage)
             ... with a bolt of cold
             ... on level 9 of the Dungeon.
             The game lasted 00:34:40 (12781 turns).

Gargoyl the Covered (Demonspawn Abyssal Knight)    Turns: 12781, Time: 00:34:40

Health: -3/79      AC: 22    Str: 15      XL:     10   Next: 24%
Magic:  0/13       EV:  6    Int: 19      God:    Lugonu [****..]
Gold:   268        SH: 11    Dex: 12 (13) Spells: 0 memorised, 9 levels left

rFire  . . .     SeeInvis .     k - +0 war axe
rCold  . . .     Clarity  .     z - +0 plate armour
rNeg   . . .     SustAt   .     s - +3 buckler
rPois  +         Gourm    .     (helmet unavailable)
rElec  .         Spirit   +     y - +2 cloak {MR+}
rCorr  .         Warding  .     (no gloves)
rMut   .         Stasis   .     a - +2 pair of boots
MR     ++...                    (no amulet)
Stlth  ..........               A - ring of poison resistance
                                l - ring of protection from magic

@: brilliant, very resistant to hostile enchantments, extremely unstealthy
A: horns 3, large bone plates 2, blurry vision 2, deterioration 1, sense
surroundings 1, magic shield
a: Depart the Abyss, Bend Space, Banish, Corrupt, Renounce Religion


You were on level 9 of the Dungeon.
You worshipped Lugonu.
Lugonu was greatly pleased with you.
You were not hungry.

You visited 1 branch of the dungeon, and saw 9 of its levels.
You visited the Abyss 1 time.

You collected 553 gold pieces.
You spent 285 gold pieces at shops.

Inventory:

Hand Weapons
 k - a +0 war axe (weapon)
 o - a +1 flail
Missiles
 v - 7 tomahawks (quivered)
Armour
 a - a +2 pair of boots (worn)
 s - a +3 buckler (worn)
 y - a +2 cloak of magic resistance (worn)
 z - a +0 plate armour (worn)
Jewellery
 h - a cursed ring of teleportation
 l - a ring of protection from magic (left hand)
 q - an uncursed ring of flight
 A - a ring of poison resistance (right hand)
Wands
 j - a wand of slowing (20)
 m - a wand of polymorph (22)
 w - a wand of slowing (20)
 B - a wand of random effects (29)
 C - a wand of draining (8)
Scrolls
 d - a scroll of enchant armour
 e - 11 scrolls of remove curse
 n - 2 scrolls of identify
 p - a scroll of magic mapping
 t - 3 scrolls of teleportation
 x - a scroll of recharging
 D - a scroll of blinking
 H - a scroll of silence
 I - a scroll of fear
Books
 u - a book of Unlife

   Spells                             Type                      Level
   a - Recall                         Summoning/Translocation      3
   b - Animate Dead                   Necromancy                   4
   c - Control Undead                 Necromancy                   4
   d - Cigotuvi's Embrace             Necromancy                   5
   e - Death Channel                  Necromancy                   6
   f - Simulacrum                     Ice/Necromancy               6
 E - a book of Burglary

   Spells                             Type                      Level
   a - Swiftness                      Charms/Air                   2
   b - Passwall                       Transmutation/Earth          3
   c - Passage of Golubria            Translocation                4
   d - Lee's Rapid Deconstruction     Earth                        5
   e - Darkness                       Hexes                        6
   f - Invisibility                   Hexes                        6
Comestibles
 b - a beef jerky
 c - 7 bread rations
 f - 5 fruits
 g - a slice of pizza
 i - 3 meat rations


   Skills:
 + Level 7.1 Fighting
 + Level 6.5 Axes
 + Level 1.0(4.1) Maces & Flails
 + Level 0.5 Throwing
 + Level 7.2 Armour
 + Level 4.2 Dodging
 + Level 1.3 Stealth
 + Level 6.1 Shields
 + Level 4.0 Invocations
 + Level 0.4 Evocations


You had 9 spell levels left.
You didn't know any spells.

Dungeon Overview and Level Annotations

Branches:
Dungeon (9/15)             Temple (0/1) D:6            Lair (0/8) D:9
    Orc: D:9-12

Altars:
Ashenzari
Dithmenos
Elyvilon
Fedhas
Makhleb
Nemelex Xobeh
Trog
Vehumet
Yredelemnul
The Shining One

Shops:
D:5 [   D:6 (

Annotations:
D:9 Erolcha, Prince Ribbit


Innate Abilities, Weirdness & Mutations

You have a pair of large horns on your head.
You are mostly covered in large bone plates (AC +3, SH +3).
When hurt, damage is shared between your health and your magic reserves.
Scrolls take you longer to read.
Your body sometimes deteriorates upon taking damage.
You passively map a small area around you.


Message History

Erolcha is severely wounded.
Your plate armour prevents you from hitting something.
Something hits you.
* * * LOW HITPOINT WARNING * * *
Something shocks you.
* * * LOW HITPOINT WARNING * * *
Something completely misses you.
Unknown command.
Drink which item? (? for menu, Esc to quit)
It was a potion of brilliance.
You feel clever all of a sudden. You block Erolcha's attack.
Something hits you but does no damage.
Drink which item? (? for menu, Esc to quit)
Okay, then.
You don't have enough magic at the moment.
Drink which item? (? for menu, Esc to quit)
Magic courses through your body.
Prince Ribbit blinks!
Erolcha casts a spell at you. The bolt of cold hits you!
You die...

#)# #.# ##.## ##...##
##.....## #.......#
###.....## ..##...##
#######
#.#...#######.§O@.#
..#..#.o.....#.{#)#
**
.......#...#.F.h#)# *
#.....##P..##...#.#
,, ,
....#..PPPP...#.#.#*,
, #.#.#o.PP>PP..#..>#
....#.Y.P..P..#.....
, ,,
##....##...##....###
..oF #...#....## , ,
,


You could see Erolcha, Prince Ribbit and a hound.

Vanquished Creatures
  The ghost of Gargoyl the Covered, a novice DsAK of Lugonu (D:4)
  The ghost of Name63 the Shield-Bearer, an amateur MiFi of Cheibriados (D:6)
  A spriggan (D:7)
  A wyvern (D:8)
  3 hippogriffs
  An orc warrior (D:9)
  Duvessa (D:5)
  2 sky beasts
  3 phantoms
  A necrophage (D:3)
  7 ogres
  A boggart (D:5)
  2 centaurs
  2 big kobolds
  A giant frog (D:6)
  3 scorpions
  Dowan (D:5)
  5 killer bees (D:7)
  2 electric eels (D:6)
  7 crimson imps
  A centaur skeleton (D:8)
  2 iguanas
  Crazy Yiuf (D:3)
  A giant frog skeleton (D:5)
  4 orc priests
  9 orc wizards
  2 hounds
  8 worker ants
  A killer bee zombie (D:7)
  A hound skeleton (D:5)
  3 gnolls
  12 adders
  A shadow imp (D:6)
  An adder skeleton (D:5)
  3 adder zombies
  6 worms
  6 giant geckos
  33 orcs
  4 bats
  5 giant cockroaches
  10 goblins
  4 hobgoblins
  10 jackals
  13 kobolds
  5 quokkas
  A giant gecko skeleton (D:8)
  2 giant gecko zombies
  2 giant newts
  A jackal zombie (D:6)
  11 rats
  A fungus (D:3)
210 creatures vanquished.

Vanquished Creatures (others)
  An electric eel (D:6)
  A bat (D:2)
  3 fungi (D:9)
5 creatures vanquished.

Grand Total: 215 creatures vanquished

Notes
Turn   | Place    | Note
--------------------------------------------------------------
     0 | Abyss:1  | Gargoyl the Demonspawn Abyssal Knight began the quest for the Orb.
     0 | Abyss:1  | Reached XP level 1. HP: 18/18 MP: 2/2
     0 | Abyss:1  | Found a corrupted altar of Lugonu.
   104 | Abyss:1  | Noticed an ancient zyme
   109 | Abyss:1  | Noticed a tentacled starspawn
   129 | D:1      | Escaped the Abyss
   488 | D:1      | Gained mutation: You are partially covered in large bone plates (AC +2, SH +2). [demonic ancestry]
   488 | D:1      | Reached XP level 2. HP: 22/24 MP: 4/4
   587 | D:1      | Reached * piety under Lugonu
   587 | D:1      | Reached skill level 1 in Dodging
   925 | D:2      | Reached XP level 3. HP: 6/29 MP: 5/5
  1682 | D:2      | Reached ** piety under Lugonu
  1924 | D:3      | Found a blossoming altar of Fedhas.
  1965 | D:2      | Reached XP level 4. HP: 8/37 MP: 6/6
  2238 | D:2      | Found a radiant altar of Vehumet.
  2765 | D:3      | Gained mutation: When hurt, damage is shared between your health and your magic reserves. [demonic ancestry]
  2765 | D:3      | Reached XP level 5. HP: 32/42 MP: 7/7
  3035 | D:3      | Noticed a necrophage
  3053 | D:3      | Killed a necrophage
  3053 | D:3      | Reached skill level 4 in Fighting
  3123 | D:3      | Found a shattered altar of Ashenzari.
  3283 | D:3      | Gained mutation: You have a pair of small horns on your head. [demonic ancestry]
  3283 | D:3      | Reached XP level 6. HP: 42/48 MP: 6/8
  3348 | D:3      | Found a glowing golden altar of the Shining One.
  3519 | D:3      | Noticed Crazy Yiuf
  3531 | D:3      | Paralysed by Crazy Yiuf for 4 turns
  3535 | D:3      | Killed Crazy Yiuf
  3750 | D:4      | Found a white marble altar of Elyvilon.
  3809 | D:4      | Reached skill level 1 in Stealth
  3984 | D:4      | Reached *** piety under Lugonu
  4091 | D:4      | Found a blossoming altar of Fedhas.
  4620 | D:4      | Reached XP level 7. HP: 7/55 MP: 2/9
  5174 | D:4      | Noticed Gargoyl's ghost (novice DsAK)
  5300 | D:5      | Entered Level 5 of the Dungeon
  5880 | D:5      | Reached skill level 5 in Fighting
  5885 | D:5      | Gained mutation: Your body sometimes deteriorates upon taking damage. [mutagenic meat]
  5886 | D:5      | Gained mutation: Scrolls take you a little longer to read. [mutagenic meat]
  5889 | D:5      | Lost mutation: Your body sometimes deteriorates upon taking damage. [mutagenic meat]
  5986 | D:5      | Found Jyugog's Armour Shoppe.
  5996 | D:5      | Bought a +2 buckler for 198 gold pieces
  6342 | D:5      | Gained mutation: You have a pair of horns on your head. [demonic ancestry]
  6342 | D:5      | Reached XP level 8. HP: 60/62 MP: 8/10
  6419 | D:5      | Reached skill level 5 in Armour
  6531 | D:5      | Reached skill level 1 in Shields
  6708 | D:6      | Reached skill level 1 in Maces & Flails
  6710 | D:6      | Noticed Name63's ghost (amateur MiFi)
  7013 | D:6      | Killed Name63's ghost
  7514 | D:6      | Found a shadowy altar of Dithmenos.
  7530 | D:6      | Found a staircase to the Ecumenical Temple.
  7728 | D:6      | Found Yxeumuf's Antique Weapon Boutique.
  7736 | D:6      | Bought a runed war axe for 87 gold pieces
  7853 | D:6      | Reached skill level 6 in Fighting
  8740 | D:7      | Reached skill level 5 in Axes
  8740 | D:7      | Gained mutation: You are mostly covered in large bone plates (AC +3, SH +3). [demonic ancestry]
  8740 | D:7      | Reached XP level 9. HP: 65/69 MP: 9/12
  8911 | D:7      | Found a sparkling altar of Nemelex Xobeh.
  9601 | D:7      | HP: 3/71 [killer bee (2)]
  9606 | D:7      | HP: 2/71 [poisoned by a killer bee]
 10530 | D:8      | Gained mutation: Scrolls take you longer to read. [mutagenic meat]
 10531 | D:8      | Gained mutation: Your body sometimes deteriorates upon taking damage. [mutagenic meat]
 10532 | D:8      | Gained mutation: You passively map a small area around you. [mutagenic meat]
 10533 | D:8      | Gained mutation: You have a pair of large horns on your head. [mutagenic meat]
 10577 | D:8      | You fall through a shaft!
 10610 | D:8      | Found a bloodstained altar of Trog.
 10664 | D:8      | Reached **** piety under Lugonu
 10809 | D:8      | Reached skill level 5 in Shields
 11752 | D:5      | Reached skill level 7 in Armour
 11977 | D:5      | Reached XP level 10. HP: 75/77 MP: 13/13
 11999 | D:5      | Noticed Dowan
 12001 | D:5      | Noticed Duvessa
 12016 | D:5      | Killed Dowan
 12024 | D:5      | Killed Duvessa
 12148 | D:4      | Killed Gargoyl's ghost
 12349 | D:4      | Found a basalt altar of Yredelemnul.
 12353 | D:4      | Found a burning altar of Makhleb.
 12735 | D:9      | Noticed Erolcha
 12737 | D:9      | Found a staircase to the Lair.
 12743 | D:9      | Noticed Prince Ribbit
 12781 | D:9      | Killed from afar by Erolcha

Action                   |  1- 3 |  4- 6 |  7- 9 | 10-12 || total
-------------------------+-------+-------+-------+-------++-------
Melee: Hand axe          |   133 |   228 |   328 |       ||   689
       Flail             |       |       |    74 |       ||    74
       War axe           |       |       |   546 |   145 ||   691
Throw: Tomahawk          |       |       |     5 |       ||     5
Invok: Depart the Abyss  |     1 |       |       |       ||     1
       Banish            |       |     1 |     3 |       ||     4
 Abil: Evoke Flight      |       |       |     3 |       ||     3
Evoke: Wand              |       |       |     1 |       ||     1
  Use: Potion            |     3 |     4 |     6 |     2 ||    15
       Scroll            |       |     6 |    15 |       ||    21
  Eat: Chunk             |     4 |     8 |    12 |     3 ||    27
       Pizza             |       |     1 |     1 |       ||     2
       Bread ration      |       |       |     3 |       ||     3
       Fruit             |       |       |    10 |       ||    10
